 Dungeon Crawl Stone Soup version 0.23.2-1-ga50397a (webtiles) character file.

Game seed: 1413269627950148392

28403 Fang the Fighter (level 13, -15/87 HPs)
             Began as a Gargoyle Berserker on Apr 16, 2019.
             Was a High Priest of Trog.
             Killed from afar by a lindwurm (33 damage)
             ... with a blast of flame
             ... on level 3 of the Lair of Beasts on Apr 23, 2019.
             The game lasted 00:19:54 (13481 turns).

Fang the Fighter (Gargoyle Berserker)              Turns: 13481, Time: 00:19:54

Health: -15/87     AC: 30    Str: 25    XL:     13   Next: 38%
Magic:  13/13      EV: 17    Int:  9    God:    Trog [*****.]
Gold:   848        SH:  0    Dex: 16    Spells: 12/12 levels left

rFire    x . .     SeeInvis .   m - +5 battleaxe (elec)
rCold    + + .     Gourm    .   (shield currently unavailable)
rNeg     + . .     Faith    .   o - +4 scale mail of the Dropbear {rF- rC++ Dex+7}
rPois    ∞         Spirit   .   (no helmet)
rElec    +         Reflect  .   t - +2 cloak
rCorr    .         Harm     .   (no gloves)
MR       .....                  e - +2 pair of boots
Stlth    +.........             A - amulet of regeneration
HPRegen  0.64/turn              r - ring of stealth
MPRegen  0.13/turn              (no ring)

@: flying
A: negative energy resistance 1, electricity resistance, unbreathing,
petrification resistance, rot immunity, AC +9
a: Berserk, Trog's Hand, Brothers in Arms, Renounce Religion


You were on level 3 of the Lair of Beasts.
You worshipped Trog.
Trog was extremely pleased with you.
You were not hungry.

You visited 3 branches of the dungeon, and saw 15 of its levels.
You also visited: Sewer.

You collected 848 gold pieces.

Inventory:

Hand Weapons
 a - a +1 battleaxe
 d - a +3 executioner's axe of freezing
 m - a +5 battleaxe of electrocution (weapon)
Armour
 b - a +2 plate armour
 e - a +2 pair of boots (worn)
 o - the +4 scale mail of the Dropbear (worn) {rF- rC++ Dex+7}
   (You found it on level 4 of the Dungeon)

   It affects your dexterity (+7).
   It makes you vulnerable to fire.
   It greatly protects you from cold.
 t - a +2 cloak (worn)
Jewellery
 r - a ring of stealth (left hand)
 A - an amulet of regeneration (around neck)
 D - an uncursed amulet of rage {unknown}
Wands
 q - a wand of random effects (23)
 z - a wand of clouds (5)
 B - a wand of iceblast (28)
 C - a wand of acid (4)
 G - a wand of polymorph (10)
Scrolls
 f - 7 scrolls of remove curse
 g - 4 scrolls of teleportation
 k - 2 scrolls of identify
 l - 2 scrolls of fog
 s - 2 scrolls of blinking
 x - 3 scrolls of magic mapping
 y - 2 scrolls of fear
 F - a scroll of immolation {unknown}
Potions
 i - 4 potions of invisibility
 j - 4 potions of curing
 n - 3 potions of agility
 p - 4 potions of haste
 u - 3 potions of might
 v - 8 potions of heal wounds
 w - 6 potions of flight
 E - a potion of resistance {unknown}
 H - a potion of berserk rage {unknown}
Comestibles
 c - 23 rations
 h - a chunk of flesh


   Skills:
 + Level 12.5 Fighting
 + Level 10.7 Axes
 + Level 12.2 Armour
 + Level 9.7 Dodging


You had 12 spell levels left.
You didn't know any spells.
Your spell library was empty.

Dungeon Overview and Level Annotations

Branches:
Dungeon (11/15)            Temple (1/1) D:7            Lair (3/6) D:10
  Swamp (0/4) Lair:3          Orc (0/2) D:10
  Snake: Lair:2-4    Spider: Lair:2-4

Altars:
Ashenzari
Elyvilon
Gozag
Okawaru
Qazlal

Shops:
D:6 [   D:8 ?   D:10 *

Annotations:
D:7 exclusion: oklob plant
Lair:3 exclusion: 2 oklob plants


Innate Abilities, Weirdness & Mutations

You are resistant to torment.
Your stone body is resilient. (AC +9)
You are immune to poison.
You resist negative energy. (rN+)
You are resistant to electric shocks. (rElec)
You can survive without breathing.
You are immune to petrification.
You are immune to rotting.


Message History

You feel very buoyant.
You fly up into the air.
The lindwurm breathes flames at you. The blast of flame misses you.
The lindwurm breathes flames at you. The blast of flame hits you!
The fire burns you terribly! The lindwurm breathes flames at you.
The blast of flame misses you. The lindwurm breathes flames at you.
The blast of flame hits you!! The fire burns you terribly!
The lindwurm breathes flames at you. The blast of flame hits you!!
The fire burns you terribly!
* * * LOW HITPOINT WARNING * * *
The lindwurm breathes flames at you.
The blast of flame hits you but does no damage.
The lindwurm bites you but does no damage.
The lindwurm misses you. The lindwurm barely misses you.
The lindwurm breathes flames at you. The blast of flame hits you!!
The fire burns you terribly!
You die...

##.####............###.##..
###.........P....#........###
##...#.#.##...§§..#.###....##.
#.#....§....≈§.§....#....###..
##.......§§≈§§≈§≈§........###..
#......§§§§≈≈§≈§≈≈≈≈....(##....
##.....§§≈≈≈≈≈≈§§§§≈§.........#
#P....≈≈≈≈≈§§§≈≈§§§≈≈≈......##.
##...≈≈§≈§≈≈≈≈@≈≈≈≈≈≈≈≈..#.....
##...≈§≈§§§≈kkkk§≈≈§≈§≈§..##...
#...≈≈≈≈≈§...##...≈§§≈≈§.......
##..≈§≈§≈≈..####..≈≈≈≈§≈§..P...
#..§≈≈§≈..#k ?.#..≈§§≈≈.......
#.§§≈§≈≈.## })##.≈§§≈≈§......
#.§≈≈≈≈≈.##(k ##.§≈§≈§§§§....
#..§§§≈≈.§#.$ .#).≈≈§≈≈...#...
#..≈≈≈≈≈≈..####..§§≈≈≈≈.##..##


You could see 4 lindwurms.

Vanquished Creatures
  A hydra (Lair:1)
  Fannar (Lair:3)
  2 unseen horrors (D:11)
  6 elephants (Lair:1)
  3 black mambas
  A gargoyle (D:10)
  3 spiny frogs
  2 komodo dragons (Lair:3)
  2 ice devils (Lair:2)
  Grinder (D:4)
  A bog body (Lair:3)
  6 blink frogs
  3 hippogriffs
  35 yaks
  A wyvern (D:9)
  2 wraiths (D:11)
  3 wargs (D:10)
  2 swamp worms (Lair:3)
  A soldier ant (D:11)
  7 water moccasins
  12 porcupines
  4 ice beasts
  5 phantoms
  7 orc warriors
  A sky beast (D:7)
  3 black bears
  5 ogres
  3 centaurs
  37 wolves
  8 crocodiles
  3 big kobolds
  A water moccasin zombie (D:8)
  21 bullfrogs
  4 scorpions
  13 wights
  4 howler monkeys
  5 electric eels
  7 crimson imps
  2 centaur zombies
  2 bullfrog zombies
  3 centaur skeletons
  3 jellies
  8 hounds
  8 orc priests
  A bullfrog skeleton (D:6)
  2 iguanas
  14 orc wizards
  12 worker ants
  A hound zombie (D:5)
  A hound skeleton (D:4)
  A worker ant zombie (D:11)
  4 gnolls (D:8)
  3 river rats (Sewer)
  15 adders
  2 shadow imps
  4 oozes
  2 adder zombies
  An adder skeleton (D:6)
  2 worms
  A dart slug (D:3)
  7 leopard geckos
  41 orcs
  7 ball pythons
  5 giant cockroaches
  7 goblins
  8 hobgoblins
  11 jackals
  7 quokkas
  5 bats
  9 frilled lizards
  27 kobolds
  2 leopard gecko skeletons
  2 quokka zombies
  32 rats
  4 plants
492 creatures vanquished.

Vanquished Creatures (others)
  A fungus (Lair:1)
  4 plants
  3 toadstools (D:1)
8 creatures vanquished.

Grand Total: 500 creatures vanquished

Notes
Turn   | Place    | Note
-------+----------+-------------------------------------------
     0 | D:1      | Fang the Gargoyle Berserker began the quest for the Orb.
     0 | D:1      | Reached XP level 1. HP: 14/14 MP: 1/1
    29 | D:1      | Reached XP level 2. HP: 7/19 MP: 2/2
   473 | D:1      | Reached XP level 3. HP: 23/23 MP: 3/3
  1161 | D:2      | Reached XP level 4. HP: 29/29 MP: 4/4
  1318 | D:2      | Reached ** piety under Trog
  1945 | D:3      | Reached XP level 5. HP: 29/33 MP: 5/5
  2125 | D:3      | Found a shattered altar of Ashenzari.
  2470 | D:3      | Found a glowing drain.
  2485 | Sewer    | Entered a sewer
  2524 | Sewer    | Reached *** piety under Trog
  2749 | Sewer    | Reached XP level 6. HP: 30/39 MP: 6/6
  3001 | Sewer    | Reached **** piety under Trog
  3261 | D:4      | Got a jewelled scale mail
  3272 | D:4      | Identified the +4 scale mail of the Dropbear {rF- rC++
                  | Dex+7} (You found it on level 4 of the Dungeon)
  3346 | D:4      | Reached skill level 5 in Fighting
  3352 | D:4      | Reached XP level 7. HP: 21/44 MP: 7/7
  3575 | D:4      | Noticed Grinder
  3599 | D:4      | Paralysed by Grinder for 6 turns
  3636 | D:4      | Killed Grinder
  3936 | D:4      | Reached skill level 5 in Armour
  4016 | D:4      | Reached XP level 8. HP: 45/51 MP: 8/8
  4403 | D:5      | Entered Level 5 of the Dungeon
  4459 | D:5      | Reached skill level 5 in Axes
  5195 | D:6      | Found Nivo's Antique Armour Boutique.
  5311 | D:6      | Reached XP level 9. HP: 38/56 MP: 9/9
  5492 | D:6      | Reached skill level 5 in Dodging
  6191 | D:7      | Found a staircase to the Ecumenical Temple.
  6584 | D:7      | Noticed an oklob plant
  6796 | D:7      | Found a stormy altar of Qazlal.
  6972 | Temple   | Entered the Ecumenical Temple
  7063 | D:8      | Found Zeobleve's Magic Scroll Shop.
  7275 | D:8      | Reached XP level 10. HP: 64/64 MP: 10/10
  7328 | D:8      | Reached ***** piety under Trog
  8028 | D:9      | Found a stormy altar of Qazlal.
  8029 | D:9      | Found a white marble altar of Elyvilon.
  8831 | D:10     | Entered Level 10 of the Dungeon
  8831 | D:10     | Found Kainooph's Assorted Antiques.
  8835 | D:10     | Found a staircase to the Lair.
  8886 | D:10     | HP: 3/66 [orc priest/divine providence (15)]
  9153 | D:10     | Noticed a gargoyle
  9179 | D:10     | Killed a gargoyle
  9427 | D:10     | Found a staircase to the Orcish Mines.
  9622 | D:10     | Reached XP level 11. HP: 71/71 MP: 11/11
  9997 | D:11     | Identified a scroll of acquirement
 10117 | D:11     | Received a gift from Trog
 10133 | D:11     | Reached skill level 10 in Fighting
 10283 | D:11     | Killed an unseen horror
 10389 | D:11     | Killed an unseen horror
 10435 | D:11     | Reached skill level 10 in Armour
 10842 | Lair:1   | Entered Level 1 of the Lair of Beasts
 11060 | Lair:1   | Reached XP level 12. HP: 65/79 MP: 12/12
 11309 | Lair:1   | Received a gift from Trog
 11593 | Lair:1   | Noticed a six-headed hydra
 11608 | Lair:1   | Killed an 11-headed hydra
 11682 | Lair:1   | Reached skill level 10 in Axes
 12334 | Lair:2   | Reached XP level 13. HP: 86/86 MP: 13/13
 12454 | Lair:2   | Found a frozen archway.
 13056 | Lair:3   | Noticed Fannar
 13071 | Lair:3   | Killed Fannar
 13327 | Lair:3   | Found a staircase to the Swamp.
 13481 | Lair:3   | Killed from afar by a lindwurm

Skill      XL: |  1  2  3  4  5  6  7  8  9 10 11 12 13 |
---------------+----------------------------------------+-----
Axes           | 3 4 5 6 8 9 10 | 10.7
Dodging        | 2 3 4 5 7 8 9 |  9.7
Armour         | 3 4 5 6 7 9 10 11 12 | 12.2
Fighting       | 4 5 6 8 9 10 12 | 12.5

Action                   |  1- 3 |  4- 6 |  7- 9 | 10-12 | 13-15 || total
-------------------------+-------+-------+-------+-------+-------++-------
Melee: Hand axe          |   112 |   309 |   638 |   465 |       ||  1524
       Battleaxe         |       |       |       |   191 |   142 ||   333
       Executioner's axe |       |       |       |   139 |       ||   139
Invok: Berserk           |       |     1 |     4 |     5 |     1 ||    11
       Trog's Hand       |       |     1 |     1 |     4 |       ||     6
       Brothers in Arms  |       |       |       |     1 |       ||     1
  Use: Scroll            |       |     2 |       |    23 |       ||    25
       Potion            |       |     1 |       |     2 |     1 ||     4
 Stab: Sleeping          |     1 |     8 |     2 |     2 |       ||    13
       Distracted        |       |       |     1 |     1 |       ||     2
  Eat: Chunk             |     1 |     7 |    16 |    18 |     5 ||    47
       Ration            |       |       |     1 |     2 |       ||     3
Armor: Animal skin       |    35 |   149 |       |       |       ||   184
       Scale mail        |       |    16 |   394 |   609 |    79 ||  1098
Dodge: Dodged            |    81 |   215 |   437 |   893 |   101 ||  1727
